 Dungeon Sprint DCSS version 0.30-a0-881-g1ff12e1e11 (webtiles) character file.

Game seed: 16341840569420610652

94 rocky1 the Cudgeller (level 4, -2/35 HPs)
             Began as a Demonspawn Fighter on Mar 15, 2023.
             Was an Initiate of Cheibriados.
             Slain by an orc warrior
             ... wielding a +0 glaive
              (12 damage)
             ... in the Dungeon (Sprint IX: "|||||||||||||||||||||||||||||").
             The game lasted 00:01:23 (508 turns).

rocky1 the Cudgeller (Demonspawn Fighter)            Turns: 508, Time: 00:01:24

Health: -2/35      AC: 22    Str: 23    XL:     4   Next: 38%
Magic:  4/4        EV:  6    Int: 10    God:    Cheibriados [......]
Gold:   0          SH:  0    Dex: 13    Spells: 3/3 levels left

rFire   . . .      SeeInvis .    m - +2 dire flail (protect)
rCold   . . .      Faith    .    (shield currently unavailable)
rNeg    . . .      Spirit   .    p - +0 plate armour
rPois   .          Reflect  .    (helmet restricted)
rElec   .          Rampage  .    n - +0 cloak
rCorr   .          NoTele   +    (no gloves)
Will    .....                    o - +0 pair of boots Stlth
                                 (no amulet)
HPRegen 0.25/turn                r - +3 ring of strength
MPRegen 0.09/turn                q - +2 ring of protection

@: weakened, under a protective aura, very slow
A: horns 1, demonic guardian 1, foul stench 1
a: Renounce Religion


You were in the Dungeon.
You worshipped Cheibriados.
Cheibriados was noncommittal.
You visited 1 branch

Inventory:

Hand Weapons
 a - a +0 flail
 m - a +2 dire flail of protection (weapon)
Armour
 b - a +0 scale mail
 c - a +0 buckler
 n - a +0 cloak (worn)
 o - a +0 pair of boots (worn)
 p - a +0 plate armour (worn)
Jewellery
 q - a +2 ring of protection (right hand)
 r - a +3 ring of strength (left hand)
Wands
 l - a wand of roots (10)
Scrolls
 j - 2 scrolls of blinking
 k - 2 scrolls of amnesia
Potions
 d - a potion of might
 e - 5 potions of curing
 f - 3 potions of heal wounds
 g - a potion of haste
 h - 4 potions of magic
 i - a potion of invisibility


   Skills:
 - Level 3.0 Fighting
 * Level 6.7 Maces & Flails
 - Level 2.6 Armour
 + Level 5.3 Shields


You had 3 spell levels left.
You didn't know any spells.
Your spell library was empty.

Dungeon Overview and Level Annotations

Branches:
Dungeon (1/1)

Altars:
Cheibriados
Dithmenos
Fedhas
Gozag
Hepliaklqana
Kikubaaqudgha
Makhleb
Nemelex Xobeh
Okawaru
Qazlal
Ru
Sif Muna
Trog
Uskayaw
Vehumet
Wu Jian
Xom
Yredelemnul
Jiyva
Lugonu


Innate Abilities, Weirdness & Mutations

You have a pair of small horns on your head.
A weak demonic guardian rushes to your aid.
You may rarely emit foul miasma when damaged in melee.


Message History

You start removing your armour.
You continue taking off your +0 scale mail. x4
You finish taking off your +0 scale mail.
You start putting on your armour.
You continue putting on your +0 plate armour. x5
You finish putting on your +0 plate armour.
Unknown command.
q - a +2 ring of protection
r - a +3 ring of strength You feel stronger.
r - a +3 ring of strength (left hand)
q - a +2 ring of protection (right hand)
You open the door.
A yak, a gnoll bouda, a killer bee, a wraith and 2 orc warriors come into view.
An orc warrior is wielding a +0 mace and wearing a +0 chain mail of fire resistance.
The orc warrior shouts!
The yak bellows!
The gnoll bouda shouts!
The killer bee buzzes angrily.
The orc warrior unwields a +0 glaive.
The orc warrior wields a +0 arbalest.
The orc warrior shoots a bolt.
The bolt barely misses you.
The gnoll bouda gazes fiercely through you!
You feel your attacks grow feeble.
The orc warrior unwields a +0 arbalest.
The orc warrior wields a +0 glaive.
The orc warrior hits you with a +0 glaive!
A demonic guardian appears!
There is an open door to the Dungeon here.
You hit the orc warrior.
Your weapon exudes an aura of protection.
The orc warrior is lightly wounded.
The orc warrior hits you with a +0 glaive!
You hit the orc warrior.
The orc warrior is moderately wounded.
The orc warrior hits you but does no damage.
You hit the orc warrior but do no damage.
The orc warrior is moderately wounded.
The orc warrior hits you with a +0 glaive.
* * * LOW HITPOINT WARNING * * *
You closely miss the orc warrior. Your headbutt misses the orc warrior.
The orc warrior is moderately wounded.
The orc warrior hits you with a +0 glaive!
You die... ▓▓▓▓▓▓▓▓▓▓▓▓▓▓▓▓▓▓▓▓▓▓▓▓ +oYgyWo@5.....)..'______ ▓▓▓▓▓▓▓▓▓▓▓▓▓▓▓▓▓▓▓▓▓▓▓▓

You could see a yak, a wraith, 2 orc warriors, a gnoll bouda, a killer bee and a friendly shadow imp (summoned).

Vanquished Creatures
  A hound (D)
  2 iguanas (D)
  An adder (D)
  An orc (D)
  A ball python (D)
  2 goblins (D)
  A frilled lizard (D)
  A rat (D)
10 creatures vanquished.

Notes
Turn   | Place    | Note
-------+----------+-------------------------------------------
     0 | D        | rocky1 the Demonspawn Fighter began the quest for the Orb.
     0 | D        | Reached XP level 1. HP: 18/18 MP: 1/1
     5 | D        | Reached skill level 2 in Maces & Flails
    16 | D        | Reached skill level 3 in Maces & Flails
   230 | D        | Noticed an iguana
   230 | D        | Noticed an iguana
   230 | D        | Noticed a hound
   234 | D        | Killed a hound
   235 | D        | Reached skill level 5 in Maces & Flails
   235 | D        | Gained mutation: You may rarely emit foul miasma when
                  | damaged in melee. [demonic ancestry]
   235 | D        | Reached XP level 2. HP: 24/24 MP: 2/2
   235 | D        | Gained mutation: You have a pair of small horns on your
                  | head. [demonic ancestry]
   235 | D        | Reached XP level 3. HP: 29/29 MP: 3/3
   241 | D        | Reached skill level 6 in Maces & Flails
   241 | D        | Gained mutation: A weak demonic guardian rushes to your
                  | aid. [demonic ancestry]
   241 | D        | Reached XP level 4. HP: 35/35 MP: 4/4
   243 | D        | Reached skill level 5 in Shields
   390 | D        | Found a snail-covered altar of Cheibriados.
   390 | D        | Found a shadowy altar of Dithmenos.
   390 | D        | Found a blossoming altar of Fedhas.
   390 | D        | Found an opulent altar of Gozag.
   391 | D        | Found a hazy altar of Hepliaklqana.
   392 | D        | Found a viscous altar of Jiyva.
   393 | D        | Found an ancient bone altar of Kikubaaqudgha.
   394 | D        | Found a corrupted altar of Lugonu.
   395 | D        | Found a burning altar of Makhleb.
   396 | D        | Found a sparkling altar of Nemelex Xobeh.
   397 | D        | Found an iron altar of Okawaru.
   398 | D        | Found a stormy altar of Qazlal.
   399 | D        | Found a sacrificial altar of Ru.
   400 | D        | Found a shimmering blue altar of Sif Muna.
   401 | D        | Found a bloodstained altar of Trog.
   414 | D        | Found a hide-covered altar of Uskayaw.
   415 | D        | Found a radiant altar of Vehumet.
   416 | D        | Found an ornate altar of the Wu Jian Council.
   417 | D        | Found a shimmering altar of Xom.
   430 | D        | Became a worshipper of Cheibriados the Contemplative
   443 | D        | Found a basalt altar of Yredelemnul.
   503 | D        | Noticed an orc warrior
   503 | D        | Noticed a yak
   503 | D        | Noticed a wraith
   503 | D        | Noticed an orc warrior
   508 | D        | Slain by an orc warrior

Illustrated notes

Levels and vault maps discovered:
D:        linesprint [early_d, line_temple, items_1, d_10, items_2, lair_1,
          lair_end, items_3, orc_1, orc_end, items_4, d_15, swamp_1, shoals_1,
          snake_1, spider_1, d_20, vaults_1, items_5, swamp_end, shoals_end,
          snake_end, spider_end, vaults_end, d_27, items_6, zot_1, zot_end,
          crypt_end, forest_end, elf_end, slime_end, tomb_end, abyss_end,
          pan_hell_end]

Skill      XL: |  1  2  3  4 |
---------------+-------------+-----
Maces & Flails | 5 6 |  6.7
Shields        | 4 5 |  5.3
Fighting       | |  3.0
Armour         | |  2.6

Action                     |  1- 3 |  4- 6 || total
---------------------------+-------+-------++-------
  Melee: Flail             |    21 |     2 ||    23
         Headbutt          |     2 |       ||     2
         Dire flail        |       |     4 ||     4
    Use: Potion            |     1 |       ||     1
 Armour: Scale mail        |     5 |       ||     5
         Plate armour      |       |     1 ||     1
  Dodge: Dodged            |     4 |     2 ||     6
  Block: Buckler           |     4 |       ||     4

Table legend: (Time is in decaauts)
 A = Elapsed time spent in this place.
 B = Non-inter-level travel time spent in this place.
 C = Inter-level travel time spent in this place.
 D = Time resting spent in this place.
 E = Time spent auto-exploring this place.
 F = Levels seen in this place.
 G = Mean time per level.
                   A        B        C        D        E       F      G
               +--------+--------+--------+--------+--------+-----+--------+
         Total |    531 |    531 |      0 |    363 |      0 |   1 |  531.0 |
       Dungeon |    531 |    531 |      0 |    363 |      0 |   1 |  531.0 |
               +--------+--------+--------+--------+--------+-----+--------+

Top non-repeatable levels by time:
       D: 531 daAuts
